 Dungeon Crawl Stone Soup version 0.22.1-6-g1668fe2c40 (webtiles) character file.

133 Gargoyl the Skirmisher (level 4, -3/40 HPs)
             Began as a Centaur Abyssal Knight on Jan 24, 2019.
             Was a Believer of Lugonu.
             Slain by a gnoll
             ... wielding a +0 flail
              (11 damage)
             ... on level 2 of the Dungeon.
             The game lasted 00:02:33 (2584 turns).

Gargoyl the Skirmisher (Centaur Abyssal Knight)     Turns: 2584, Time: 00:02:34

Health: -3/40      AC:  4    Str: 14    XL:     4   Next: 93%
Magic:  5/5        EV:  6    Int: 11    God:    Lugonu [**....]
Gold:   80         SH:  6    Dex: 10    Spells: 3/3 levels left

rFire    . . .     SeeInvis .   a - +1 hand axe
rCold    . . .     Gourm    .   i - +0 shield
rNeg     . . .     Faith    .   b - +0 leather armour
rPois    +         Spirit   .   (no helmet)
rElec    .         Reflect  .   (no cloak)
rCorr    .         Harm     .   (no gloves)
MR       .....                  (no barding)
Stlth    ++........             (no amulet)
HPRegen  0.13/turn              d - ring of poison resistance
MPRegen  0.09/turn              j - ring of stealth

@: very quick
A: large, hooves 3, deformed body, speed 2, tough skin 3
a: Depart the Abyss, Bend Space, Renounce Religion


You were on level 2 of the Dungeon.
You worshipped Lugonu.
Lugonu was pleased with you.
You were hungry.

You visited 1 branch of the dungeon, and saw 3 of its levels.
You visited the Abyss 1 time.

You collected 80 gold pieces.

Inventory:

Hand Weapons
 a - a +1 hand axe (weapon)
Armour
 b - a +0 leather armour (worn)
 i - a +0 shield (worn)
Jewellery
 d - a ring of poison resistance (left hand)
 j - a ring of stealth (right hand)
Scrolls
 e - 2 scrolls of identify
 g - 2 scrolls of teleportation
 o - a scroll of noise {unknown}
Potions
 f - a potion of invisibility
 h - a potion of mutation {unknown}
 k - a potion of brilliance {unknown}
 l - a potion of heal wounds {unknown}
 m - a potion of degeneration {unknown}
 n - 2 potions of lignification {unknown}
 p - a potion of flight {unknown}
Comestibles
 c - 5 rations


   Skills:
 + Level 3.8 Fighting
 + Level 2.4 Axes
 * Level 2.2 Armour
 * Level 1.5 Dodging
 + Level 0.1 Shields
 * Level 2.6 Invocations


You had 3 spell levels left.
You didn't know any spells.
Your spell library was empty.

Dungeon Overview and Level Annotations

Branches:
Dungeon (3/15)

Altars:


Innate Abilities, Weirdness & Mutations

You have hooves in place of feet.
Armour fits poorly on your strangely shaped body.
You cover ground very quickly.
You have extremely tough skin. (AC +3)


Message History

The kobold hits you but does no damage.
Unknown command.
You closely miss the gnoll.
The gnoll is moderately wounded.
You closely miss the gnoll. You hit the kobold. The gnoll barely misses you.
The gnoll closely misses you. The kobold hits you.
Unknown command.
You hit the gnoll. Your kick misses the gnoll.
The gnoll is heavily wounded.
You hit the kobold.
You kill the kobold!
Lugonu accepts your kill.
You hit the gnoll. The gnoll barely misses you. The gnoll hits you with a whip!
You block the gnoll's attack.
You hit the gnoll.
The gnoll is heavily wounded.
You hit the gnoll but do no damage. The gnoll hits you with a whip.
* * * LOW HITPOINT WARNING * * *
The gnoll hits you with a flail!
You die...

#################### ######
#................... #....#
#.################## #)...#
#.# #.######### # #....# #.#
#.........# # #....##
#.#####.#######.#### #.....#
#.(@g...............
#.....#####..g##..............
#.............................
#.....#####.#.......#......###
###...# #.####.##.#####..###
#<#.#####...................
###.......#######.##########
#.....###...................
#.#.#.####......#.##########


You could see 2 gnolls.

Vanquished Creatures
  Jessica (D:2)
  A worker ant (D:2)
  3 adders (D:2)
  An ooze (D:1)
  2 worms (D:2)
  2 dart slugs
  3 leopard geckos (D:1)
  2 giant cockroaches
  3 goblins (D:1)
  4 hobgoblins
  A ball python (D:2)
  7 bats
  2 frilled lizards (D:1)
  5 kobolds
  5 rats
42 creatures vanquished.

Notes
Turn   | Place    | Note
-------+----------+-------------------------------------------
     0 | Abyss:1  | Gargoyl the Centaur Abyssal Knight began the quest for the
                  | Orb.
     0 | Abyss:1  | Reached XP level 1. HP: 19/19 MP: 2/2
     0 | Abyss:1  | Found a corrupted altar of Lugonu.
   174 | Abyss:1  | Noticed a raiju
   175 | D:1      | Escaped the Abyss
   194 | D:1      | Reached * piety under Lugonu
   355 | D:1      | Reached XP level 2. HP: 26/26 MP: 3/3
   426 | D:1      | Reached skill level 1 in Dodging
   959 | D:1      | Reached XP level 3. HP: 31/31 MP: 4/4
  1503 | D:2      | Reached XP level 4. HP: 25/40 MP: 5/5
  2002 | D:2      | Reached ** piety under Lugonu
  2411 | D:2      | Noticed Jessica
  2416 | D:2      | Killed Jessica
  2584 | D:2      | Slain by a gnoll

Skill      XL: |  1  2  3 |
---------------+----------+-----
Dodging        | 1 |  1.5
Axes           | 2 |  2.4
Armour         | 2 |  2.2
Fighting       | |  3.8
Shields        | |  0.1
Invocations    | |  2.6

Action                   |  1- 3 |  4- 6 || total
-------------------------+-------+-------++-------
Melee: Hand axe          |    74 |    54 ||   128
       Kick              |    17 |    13 ||    30
Invok: Depart the Abyss  |     1 |       ||     1
  Use: Scroll            |     2 |       ||     2
 Stab: Sleeping          |     1 |     1 ||     2
  Eat: Chunk             |     1 |     2 ||     3
Armor: Leather armour    |    33 |    28 ||    61
Dodge: Dodged            |    43 |    15 ||    58
Block: Shield            |     7 |    22 ||    29
